General information
- name: BNet
- type: Ladder team game (AT/RT)
- host: Battle.net
- saver: FireHamster
map: TurtleRock
- players: 4
- length: 30:46
- speed: Fast
- version: 1.21 W3XP
- replay type: Public
» download(137 KB)
Players
team 1 (winner)
CABBAGE_ (
purple | 39 APM | 1186 actions | 30:44)
4 Blademaster
2 Wind Walk
2 Critical Strike
» actions
| Assign group hotkey | 2 | |
| Basic commands | 24 | |
| Build / train | 35 | |
| ESC pressed | 1 | |
| Enter build submenu | 28 | |
| Enter hero's abilities submenu | 4 | |
| Right click | 653 | |
| Select / deselect | 276 | |
| Select group hotkey | 2 | |
| Use ability | 161 | |
1186 total
» units
» buildings
| Altar of Storms | 2 | |
| Orc Burrow | 4 | |
| Voodoo Lounge | 1 | |
| War Mill | 2 | |
| Watch Tower | 15 | |
24 total
» build order
00:10 Altar of Storms
00:16 Orc Burrow
01:04 Orc Burrow
01:09 Orc Burrow
04:53 Voodoo Lounge
06:13 War Mill
07:38 Watch Tower
07:39 Watch Tower
07:41 Watch Tower
09:46 Watch Tower
09:48 Watch Tower
10:03 War Mill
12:04 Watch Tower
18:13 Altar of Storms
19:30 Watch Tower
24:33 Watch Tower
24:42 Watch Tower
26:01 Orc Burrow
27:48 Watch Tower
27:54 Watch Tower
28:01 Watch Tower
28:07 Watch Tower
28:20 Watch Tower
28:30 Watch Tower
» items
| Healing Salve | 3 | |
| Lesser Clarity Potion | 7 | |
| Scroll of Speed | 3 | |
13 total
FireHamster (
green | 61 APM | 1871 actions | 30:46)
3 Beastmaster
1 Summon Quilbeast
2 Summon Hawk
» actions
| Assign group hotkey | 13 | |
| Basic commands | 15 | |
| Build / train | 47 | |
| ESC pressed | 8 | |
| Enter build submenu | 17 | |
| Enter hero's abilities submenu | 3 | |
| Right click | 1052 | |
| Select / deselect | 308 | |
| Select group hotkey | 308 | |
| Use ability | 100 | |
1871 total
» units
| Wisp | 22 | |
| Glaive Thrower | 3 | |
| Chimaera | 12 | |
37 total
» upgrades
| Well Spring | 1 | |
| Corrosive Breath | 1 | |
| Strength of the Wild | 2 | |
4 total
» buildings
| Moon Well | 7 | |
| Ancient of War | 2 | |
| Altar of Elders | 2 | |
| Tree of Life | 1 | |
| Hunter's Hall | 1 | |
| Tree of Ages | 1 | |
| Ancient Protector | 1 | |
| Ancient of Wind | 1 | |
| Tree of Eternity | 1 | |
| Chimaera Roost | 2 | |
19 total
» build order
00:24 Moon Well
01:05 Ancient of War
01:13 Ancient of War
01:39 Altar of Elders
05:18 Tree of Life
06:18 Hunter's Hall
06:56 Moon Well
06:58 Moon Well
09:13 Altar of Elders
09:24 Tree of Ages
11:59 Ancient Protector
12:07 Ancient of Wind
13:36 Tree of Eternity
16:08 Chimaera Roost
16:11 Chimaera Roost
16:15 Moon Well
16:17 Moon Well
22:29 Moon Well
22:29 Moon Well
team 2 (loser)
h-pepero (
teal | 66 APM | 2038 actions | 30:38)
5 Blademaster
1 Mirror Image
2 Wind Walk
2 Critical Strike
2 Shadow Hunter
1 Hex
1 Serpent Ward
» actions
| Assign group hotkey | 10 | |
| Basic commands | 260 | |
| Build / train | 67 | |
| ESC pressed | 7 | |
| Enter build submenu | 24 | |
| Enter hero's abilities submenu | 8 | |
| Give item / drop item | 2 | |
| Right click | 1020 | |
| Select / deselect | 480 | |
| Select group hotkey | 44 | |
| Use ability | 116 | |
2038 total
» units
| Peon | 15 | |
| Grunt | 3 | |
| Raider | 1 | |
| Troll Batrider | 2 | |
21 total
» buildings
| Altar of Storms | 2 | |
| Orc Burrow | 6 | |
| Barracks | 2 | |
| War Mill | 2 | |
| Voodoo Lounge | 2 | |
| Watch Tower | 2 | |
| Great Hall | 1 | |
| Stronghold | 3 | |
| Fortress | 4 | |
| Beastiary | 2 | |
26 total
» build order
00:06 Altar of Storms
00:19 Orc Burrow
00:50 Barracks
01:41 War Mill
01:49 Voodoo Lounge
02:33 Orc Burrow
03:17 Watch Tower
04:32 Orc Burrow
05:43 Watch Tower
09:24 Great Hall
10:53 Orc Burrow
13:43 Altar of Storms
15:03 Orc Burrow
15:28 Barracks
16:34 Stronghold
16:35 Stronghold
16:39 War Mill
18:13 Voodoo Lounge
19:06 Fortress
19:06 Fortress
19:57 Beastiary
19:58 Beastiary
20:38 Orc Burrow
» items
| Lesser Clarity Potion | 7 | |
| Tome of Retraining | 1 | |
| Healing Salve | 3 | |
| Scroll of Speed | 1 | |
| Scroll of Town Portal | 1 | |
| Orb of Lightning | 6 | |
19 total
hiis007 (
orange | 83 APM | 2542 actions | 30:43)
5 Blademaster
3 Wind Walk
2 Critical Strike
» actions
| Assign group hotkey | 61 | |
| Basic commands | 291 | |
| Build / train | 100 | |
| ESC pressed | 6 | |
| Enter build submenu | 24 | |
| Enter hero's abilities submenu | 5 | |
| Right click | 994 | |
| Select / deselect | 868 | |
| Select group hotkey | 140 | |
| Use ability | 53 | |
2542 total
» units
| Peon | 11 | |
| Grunt | 4 | |
| Troll Headhunter/Berserker | 20 | |
| Demolisher | 15 | |
| Raider | 17 | |
| Shaman | 2 | |
69 total
» upgrades
| Ensnare | 1 | |
| Shaman Training | 2 | |
| Berserker Upgrade | 1 | |
4 total
» buildings
| Altar of Storms | 1 | |
| Orc Burrow | 5 | |
| Barracks | 1 | |
| War Mill | 1 | |
| Watch Tower | 5 | |
| Voodoo Lounge | 1 | |
| Stronghold | 5 | |
| Spirit Lodge | 2 | |
| Beastiary | 1 | |
| Fortress | 1 | |
| Great Hall | 2 | |
25 total
» build order
00:08 Altar of Storms
00:12 Orc Burrow
01:01 Barracks
01:30 Orc Burrow
02:16 War Mill
02:44 Orc Burrow
04:09 Watch Tower
04:23 Watch Tower
04:42 Voodoo Lounge
05:52 Watch Tower
05:54 Watch Tower
07:21 Stronghold
07:21 Stronghold
07:21 Stronghold
07:24 Orc Burrow
07:35 Orc Burrow
08:18 Watch Tower
09:51 Spirit Lodge
09:54 Beastiary
16:44 Fortress
16:47 Spirit Lodge
21:20 Great Hall
28:09 Great Hall
» items
| Potion of Healing | 1 | |
| Scroll of Speed | 1 | |
| Healing Salve | 1 | |
3 total
Chat log
(00:14 / Allies) FireHamster: i have no idea
(00:31 / Allies) CABBAGE_: fight club
(00:41 / Allies) FireHamster: ah figured
(01:59 / Allies) FireHamster: i'll get beast master
(02:42 / Allies) FireHamster: what a shitty bm
(02:45 / Allies) CABBAGE_: wood
(03:41 / Allies) CABBAGE_: control?
(04:08 / Allies) FireHamster: hmm
(04:39 / Allies) FireHamster: ahahah
(05:20 / Allies) FireHamster: manner expanding
(06:05 / Allies) FireHamster: start towering back
(06:41 / Allies) FireHamster: tower up
(07:08 / Allies) CABBAGE_: no wood
(07:31 / Allies) FireHamster: lol
(07:35 / Allies) CABBAGE_: me
(07:45 / Allies) CABBAGE_: get a ballsita
(09:33 / Allies) FireHamster: yup
(09:38 / Allies) CABBAGE_: get hero and retake
(09:41 / Allies) FireHamster: yup
(09:56 / Allies) CABBAGE_: 50 gold?
(10:45 / Allies) CABBAGE_: must kill
(11:02 / Allies) FireHamster: hero
(11:07 / Allies) CABBAGE_: ?
(11:14 / Allies) FireHamster: dont die
(11:16 / Allies) CABBAGE_: plz no touch
(11:20 / Allies) FireHamster: dude you're dying
(11:23 / Allies) CABBAGE_: i knew
(11:24 / Allies) CABBAGE_: i had ww
(11:25 / Allies) CABBAGE_: and heal
(11:35 / Allies) FireHamster: well now we gotta wait
(11:44 / Allies) FireHamster: i have bulls
(11:53 / Allies) FireHamster: make a tower where we are
(12:08 / Allies) FireHamster: making chims
(12:10 / Allies) FireHamster: soon
(13:35 / Allies) CABBAGE_: no exp
(13:36 / Allies) CABBAGE_: gay
(13:37 / Allies) CABBAGE_: gold?
(13:46 / Allies) FireHamster: is that clear
(13:54 / Allies) CABBAGE_: clear
(14:06 / Allies) CABBAGE_: kill?
(14:16 / Allies) FireHamster: kill what
(15:34 / Allies) FireHamster: i can't protect my siege
(16:31 / Allies) FireHamster: come back and heal
(16:33 / Allies) FireHamster: with my wells
(16:41 / Allies) CABBAGE_: none full
(16:45 / Allies) FireHamster: o
(17:06 / Allies) FireHamster: they know
(17:09 / Allies) CABBAGE_: i think they know
(17:24 / Allies) FireHamster: i'm getting chims though
(17:33 / Allies) FireHamster: ahaha
(17:47 / Allies) FireHamster: 4 chims to be exact
(17:48 / Allies) CABBAGE_: gold
(19:21 / Allies) CABBAGE_: gold
(19:22 / Allies) CABBAGE_: 100
(19:37 / Allies) CABBAGE_: fn net
(20:21 / Allies) CABBAGE_: SPEARCHUCKERS
(20:32 / Allies) FireHamster: rofl
(21:38 / Allies) CABBAGE_: burrows
(21:59 / Allies) FireHamster: good, he has no tp
(22:15 / Allies) FireHamster: ahahah
(23:35 / Allies) FireHamster: what the fguck
(23:49 / Allies) CABBAGE_: ?
(23:55 / Allies) FireHamster: chims being retarded
(24:00 / Allies) CABBAGE_: not me
(24:02 / Allies) FireHamster: i know
(24:04 / Allies) FireHamster: its ai
(24:40 / Allies) FireHamster: ok we need to kill shit
(25:00 / Allies) CABBAGE_: im claiming this
(25:24 / Allies) CABBAGE_: shit
(25:25 / Allies) CABBAGE_: heavy
(25:33 / Allies) FireHamster: stop these peons
(26:04 / Allies) CABBAGE_: foprgot about hex
(26:08 / Allies) FireHamster: k i'm out of mines
(26:08 / Allies) CABBAGE_: now this base is dead
(26:56 / Allies) CABBAGE_: dang
(27:00 / Allies) CABBAGE_: i tried to take him away
(27:08 / Allies) CABBAGE_: two more
(27:27 / Allies) CABBAGE_: lol
(27:29 / Allies) CABBAGE_: rvrery hit
(27:33 / Allies) CABBAGE_: bs
(27:36 / Allies) FireHamster: why are we never that lucky
(28:08 / Allies) FireHamster: you need to use bm to scout what they have left
(28:13 / Allies) CABBAGE_: aight
(28:15 / Allies) FireHamster: i can't leave with my hero
(28:55 / Allies) CABBAGE_: lol sick
(29:16 / Allies) FireHamster: we have the high ground
(29:20 / Allies) FireHamster: kill peons and remaining units
(29:27 / Allies) CABBAGE_: k
(30:41 / Allies) FireHamster: ahahaha
(30:41 / All) CABBAGE_: gg
(30:44 / Allies) CABBAGE_: lol